 Dungeon Crawl Stone Soup version 0.31-a0-920-g28cbb04a8c (webtiles) character file.

Game seed: 13643392915342394255

107 Azuregosa the Covert (level 4, -4/31 HPs)
             Began as an Octopode Delver on Oct 17, 2023.
             Was an Initiate of Cheibriados.
             Killed by nerve-wracking pain
             ... invoked by an orc priest
              (13 damage)
             ... on level 4 of the Dungeon.
             The game lasted 00:11:31 (2246 turns).

Azuregosa the Covert (Octopode Delver)              Turns: 2246, Time: 00:11:31

Health: -4/31      AC:  1    Str: 12    XL:     4   Next: 85%
Magic:  13/13      EV: 14    Int: 13    God:    Cheibriados [......]
Gold:   112        SH:  0    Dex: 22    Spells: 3/3 levels left

rFire   . . .        k - +0 trident
rCold   . . .        (no shield)
rNeg    . . .        (helmet restricted)
rPois   .            (no amulet)
rElec   .            s - +6 ring of dexterity
rCorr   .            A - ring of magical power
SInv    .            (no ring)
Will    .....        (no ring)
Stlth   +++++        (no ring)
HPRegen 0.25/turn    (no ring)
MPRegen 0.13/turn    (no ring)
                     (no ring)

%: no passive effects
@: very slow
A: almost no armour, amphibious, 8 rings, camouflage 1, gelatinous body 1,
(nimble swimmer 1), tentacles
a: Renounce Religion


You were on level 4 of the Dungeon.
You worshipped Cheibriados.
Cheibriados was noncommittal.
You visited 2 branches of the dungeon, and saw 7 of its levels.

You collected 154 gold pieces.
You spent 42 gold pieces at shops.

Inventory:

Hand Weapons
 a - a +0 short sword
 c - a +0 flail
 j - a +4 sling
 k - a +0 trident (weapon)
 m - a +0 battleaxe
 x - a +2 dagger of speed
Missiles
 l - 25 stones
 o - 3 silver javelins
Jewellery
 s - a +6 ring of dexterity (left tentacle)
 A - a ring of magical power (right tentacle)
Wands
 f - a wand of digging (3)
 y - a wand of polymorph (6)
Scrolls
 b - a scroll of fog
 d - a scroll of fear
 i - 3 scrolls of teleportation {unknown}
 n - 3 scrolls of identify {unknown}
 p - a scroll of enchant armour {unknown}
 q - a scroll of vulnerability {unknown}
 v - a scroll of blinking {unknown}
 w - a scroll of silence {unknown}
Potions
 e - a potion of haste
 g - a potion of ambrosia {unknown}
 h - a potion of resistance {unknown}
 r - 4 potions of curing
 t - a potion of lignification {unknown}
 u - 2 potions of enlightenment {unknown}
 z - 2 potions of invisibility {unknown}


   Skills:
 - Level 3.0 Fighting
 - Level 2.0 Short Blades
 - Level 1.6 Polearms
 - Level 2.0 Dodging
 + Level 8.8 Stealth


You had 3 spell levels left.
You didn't know any spells.
Your spell library contained the following spells:

 Spells                   Type           Power      Damage    Failure   Level
 Tukima's Dance           Hex            0%         N/A       67%         3
 Passage of Golubria      Tloc           0%         N/A       97%         4
 Yara's Violent Unravell  Hex/Tmut       0%         3d3       100%        5
 Chain Lightning          Conj/Air       0%         N/A       100%        9
 Fire Storm               Conj/Fire      0%         5d1       100%        9
 Shatter                  Erth           0%         3d5*      100%        9


Dungeon Overview and Level Annotations

Branches:
Dungeon (6/15)             Temple (1/1) D:4

Altars:
Ashenzari
Cheibriados
Dithmenos
Fedhas
Hepliaklqana
Okawaru
Qazlal
Sif Muna
Uskayaw
Vehumet
Wu Jian
Xom
Yredelemnul
Zin

Shops:
D:1 !


Innate Abilities, Weirdness & Mutations

You cannot wear most types of armour.
You are amphibious.
You can wear up to eight rings at the same time.
Your skin changes colour to match your surroundings (Stealth+).
Your rubbery body absorbs attacks. (AC +1, EV +1)
((You are camouflaged when in or above water. (Stealth+)))
You have tentacles for arms and can constrict up to eight enemies at once.


Message History

Cheibriados thoroughly appreciates the change of pace.
A - a ring of magical power You feel your magic capacity increase.
A - a ring of magical power (right tentacle)
Okay, then.
Okay, then.
Magic restored.
You open the door.
An orc priest and an orc come into view.
Found a scale mail.
Found a stone staircase leading down. 2 orcs come into view.
An orc is wielding a +0 war axe of draining.
There is an open door here.
A jelly comes into view.
The orc priest shouts!
The orc shouts! x3; You hear a shout!
The jelly quivers.
An orc wizard comes into view. It is wielding a +0 dagger.
The jelly jiggles.
There is an open door here.
The orc barely misses you.
You barely miss the orc priest. You grab the orc priest.
You constrict the orc priest.
The orc priest hits you with a +0 hand axe.
The orc closely misses you.
You hit the orc priest but do no damage.
The orc priest is lightly wounded.
You constrict the orc priest.
The orc priest hits you with a +0 hand axe.
The orc hits you from afar with a +0 trident.
The orc priest calls down the wrath of Beogh upon you.
Pain shoots through your body!
You puncture the orc priest!
You squeeze the orc priest, but do no damage.
The orc priest is severely wounded.
You constrict the orc priest.
The orc hits you from afar with a +0 trident.
* * * LOW HITPOINT WARNING * * *
The orc priest invokes the aid of Beogh against you.
Pain shoots through your body!
You die...

##.... ...... ####.....
........##################
........#...............†#
........#................#
.......J#................#
......ooo..#############.#
......oo#@.# #.#
.....oo.#..# #.#
..>.....#..# #.#
.......o#..# #.'
#####.o.#..# #.' #...#..+
#. #.# #.o.#..# #..#.#
#...#..# ####..#.# #..#
.........


You could see a jelly, an orc priest, an orc wizard and an orc.

Vanquished Creatures
  A gnoll (D:5)
  4 adders
  3 worms
  3 dart slugs
  An orc (D:3)
  3 endoplasms
  2 giant cockroaches
  A goblin (D:3)
  3 hobgoblins
  2 jackals (D:1)
  2 quokkas
  3 ball pythons
  8 bats
  4 frilled lizards
  3 kobolds
  7 rats
50 creatures vanquished.

Notes
Turn   | Place    | Note
-------+----------+-------------------------------------------
     0 | D:5      | Azuregosa the Octopode Delver began the quest for the Orb.
     0 | D:5      | Reached XP level 1. HP: 16/16 MP: 1/1
     2 | D:6      | Noticed an ice beast
     8 | D:6      | Noticed an ice beast
    32 | D:5      | Noticed a gnoll sergeant
    57 | D:5      | Reached skill level 7 in Stealth
    57 | D:5      | Reached XP level 2. HP: 4/21 MP: 2/2
   200 | D:3      | Reached XP level 3. HP: 26/26 MP: 3/3
   323 | D:2      | Reached skill level 8 in Stealth
   694 | D:1      | Found Loozyjeblo's Distillery.
   708 | D:1      | Bought a potion of curing for 42 gold pieces
  1063 | D:2      | Reached XP level 4. HP: 31/31 MP: 4/4
  1118 | D:2      | Reached skill level 1 in Polearms
  1233 | D:2      | Found a faded altar of an unknown god.
  2096 | D:4      | Found a staircase to the Ecumenical Temple.
  2104 | Temple   | Entered the Ecumenical Temple
  2112 | Temple   | Became a worshipper of Cheibriados the Contemplative
  2246 | D:4      | Killed from afar by an orc priest

Illustrated notes

Levels and vault maps discovered:
D:1:      heliophobic_arrival_enchanted_forest, layout_basic, serial_shops,
          nicolae_diamond_shop, minmay_hedge_maze
D:2:      layout_loops_cross, ebering_ecumenical_altar_abandoned, fountainhead,
          eino_curves_02, grunt_decor_arrowhead, serial_bayou_pond_e
D:3:      layout_loops_ring, hangedman_decor_push, lightli_corner_chamber
D:4:      wander_river, layout_basic, minmay_temple_entry_grid,
          kennysheep_orc_chapel, uniq_robin
D:5:      layout_basic, uniq_pikel, uniq_grinder
D:6:      layout_cave_pools, nicolae_tso_swordbearing_angel,
          gup_sewer_entry_glass, minivault_5, nicolae_shop_clearance
Temple:   eino_temple_lava

Skill      XL: |  1  2  3  4 |
---------------+-------------+-----
Stealth        | 7 8 |  8.8
Polearms       | 1 |  1.6
Fighting       | |  3.0
Short Blades   | |  2.0
Dodging        | |  2.0

Action                     |  1- 3 |  4- 6 || total
---------------------------+-------+-------++-------
  Melee: Short sword       |     5 |       ||     5
         Constrict         |    13 |     9 ||    22
         Flail             |    18 |       ||    18
         Tentacles         |     6 |     5 ||    11
         Trident           |    36 |    39 ||    75
    Use: Scroll            |     1 |       ||     1
   Stab: Sleeping          |    15 |     8 ||    23
         Distracted        |     2 |     2 ||     4
 Armour: Skin              |    15 |    11 ||    26
  Dodge: Dodged            |    26 |    24 ||    50

Table legend: (Time is in decaauts)
 A = Elapsed time spent in this place.
 B = Non-inter-level travel time spent in this place.
 C = Inter-level travel time spent in this place.
 D = Time resting spent in this place.
 E = Time spent auto-exploring this place.
 F = Levels seen in this place.
 G = Mean time per level.
                   A        B        C        D        E       F      G
               +--------+--------+--------+--------+--------+-----+--------+
         Total |   2284 |   2242 |     42 |    109 |   1410 |   7 |  326.3 |
       Dungeon |   2265 |   2223 |     42 |    109 |   1410 |   6 |  377.5 |
        Temple |     18 |     18 |      0 |      0 |      0 |   1 |   18.0 |
               +--------+--------+--------+--------+--------+-----+--------+

Top non-repeatable levels by time:
     D:2: 741 daAuts
     D:3: 678 daAuts
     D:1: 525 daAuts
     D:4: 169 daAuts
     D:5: 135 daAuts
  Temple: 18 daAuts
     D:6: 14 daAuts
